Unix NetHack Version 5.0.0-0 post-release - last build May  4 2026 22:22:43 (774f63e81ad911689b3a0859ea89b322d5daca8d,branch:main).

Game began 2026-05-07 05:43:50, ended 2026-05-07 06:49:08.

2438853, lawful female dwarven Valkyrie

    ---
     ..
     ..
      ..
       .

        e
        #@
       --Z-----
       |.......###
       |......|  #
       |......|  #
       |....... #####
       |......|    ##-----------    #
       --------    ##..........|   #----+------
                    #|...b....>|   #-.<....%!..
                     |.........|    |.........|
                     -----------    -----------

2438853 the Skirmisher      St:16 Dx:13 Co:20 In:9 Wi:8 Ch:11  Lawful
Dlvl:4  $:44 HP:0(62) Pw:7(7) AC:6  Xp:5 T:2353 

Latest messages:
 This door is locked.
 This door is locked.
 This door is locked.
 This door is locked.
 In what direction? 4
 You kick the door.
 KABOOM!!  The door was booby-trapped!
 You stagger...
 You feel a bit steadier now.
 You see here 2 gold pieces.
 $ - 2 gold pieces (44 in total).
 You hit the floating eye.
 You hit the floating eye.
 You are frozen by the floating eye's gaze!
 You can move again.
 You hit the floating eye.
 You are frozen by the floating eye's gaze!
 You can move again.
 You hit the floating eye.
 You are frozen by the floating eye's gaze!
 You hear bubbling water.
 You can move again.
 You miss the floating eye.
 You are frozen by the floating eye's gaze!
 You can move again.
 You hit the floating eye.
 You are frozen by the floating eye's gaze!
 The orc zombie hits!
 The orc zombie hits!
 The orc zombie hits!
 The orc zombie hits!
 The orc zombie hits!
 The orc zombie hits!
 The orc zombie hits!
 The orc zombie hits!
 The orc zombie hits!
 The orc zombie hits!
 The orc zombie hits!
 The orc zombie hits!
 The orc zombie hits!
 The orc zombie hits!
 The orc zombie hits!
 The orc zombie hits!
 The orc zombie hits!
 You die...
 Do you want your possessions identified? [ynq] (y) y
 Do you want to see your attributes? [ynq] (y) y
 Do you want an account of creatures vanquished? [ynaq] (y) y
 Do you want to see your conduct and achievements? [ynq] (y) y
 Do you want to see the dungeon overview? [ynq] (y) y

Inventory:
 Coins    ('$')
  $ - 44 gold pieces
 Amulets  ('"')
  v - a cursed amulet of restful sleep
 Weapons  (')')
  b - 2 +0 daggers (wielded)
  a - a +1 dwarvish spear (alternate weapon; not wielded)
  D - a cursed +0 orcish dagger
  t - a +0 flail
 Armor    ('[')
  C - an uncursed +0 orcish helm
  c - an uncursed +3 small shield (being worn)
  n - an uncursed +0 dwarvish cloak
  x - an uncursed +0 ring mail
 Comestibles  ('%')
  u - an uncursed cram ration
  d - 4 uncursed food rations
  A - 3 uncursed food rations
 Spellbooks  ('+')
  p - an uncursed spellbook of charm monster
  f - an uncursed spellbook of identify
  e - a cursed spellbook of light
 Rings    ('=')
  m - an uncursed ring of cold resistance
 Tools    ('(')
  o - an empty uncursed sack
 Gems/Stones  ('*')
  w - 2 uncursed topaz stones
  k - an uncursed worthless piece of orange glass
  E - an uncursed worthless piece of violet glass
  l - 2 uncursed worthless pieces of yellow glass
  y - an uncursed worthless piece of yellowish brown glass

2438853 the Valkyrie's attributes:

Background:
 You were a Skirmisher, a level 5 dwarven Valkyrie.
 You were lawful, nominally on a mission for Tyr
 who was opposed by Odin (neutral) and Loki (chaotic).
 You were right-handed.
 You were in the Dungeons of Doom, on level 4.
 You entered the dungeon 2353 turns ago.
 You had 182 experience points, 138 more were needed to attain level 6.

Basics:
 You had 0 out of 62 hit points.
 You had all 7 energy points (spell power).
 Your armor class was 6.
 Your wallet contained 44 zorkmids.
 Autopickup was off.

Final Characteristics:
 Your strength was 16 (limit:18/100).
 Your dexterity was 13 (limit:20).
 Your constitution was 20 (limit:20).
 Your intelligence was 9 (limit:16).
 Your wisdom was 8 (limit:16).
 Your charisma was 11 (limit:16).

Final Status:
 You weren't hungry.
 You were unencumbered.
 You were wielding daggers.
 You had basic skill with dagger.

Final Attributes:
 You were devoutly aligned.
 You were cold resistant.
 You had infravision.
 You were stealthy.
 You are dead.

Miscellaneous:
 You didn't encounter any bones levels.
 Total elapsed playing time was 58 minutes and 56 seconds.

Major events:
 Turn
    1: 2438853 the lawful dwarven Valkyrie entered the dungeon
  528: attained the rank of Skirmisher (level 3)
 1058: entered the Gnomish Mines
 2353: killed by an orc zombie, while frozen by a floating eye's gaze

You didn't know any spells.

Skills:
 Fighting Skills
   bare handed combat [Unskilled]
   two weapon combat  [Unskilled]
   riding             [Unskilled]
 Weapon Skills
   dagger             [Basic]
   axe                [Unskilled]
   pick-axe           [Unskilled]
   short sword        [Unskilled]
   broadsword         [Unskilled]
   long sword         [Unskilled]
   two-handed sword   [Unskilled]
   saber              [Unskilled]
   hammer             [Unskilled]
   quarterstaff       [Unskilled]
   polearms           [Unskilled]
   spear              [Basic]
   trident            [Unskilled]
   lance              [Unskilled]
   sling              [Unskilled]
 Spellcasting Skills
   attack spells      [Unskilled]
   escape spells      [Unskilled]

Voluntary challenges:
 Character rerolling was not enabled.
 You were vegetarian.
 You were an atheist.
 You never genocided any monsters.
 You never polymorphed an object.
 You never changed form.
 You used no wishes.
Achievements:
 You attained the rank of Skirmisher.
 You entered a shop.
 You entered the Gnomish Mines.

 The Dungeons of Doom: levels 1 to 5
    Level 1:
       A fountain.
    Level 2:
       A potion shop.
    Level 3:
       Stairs down to The Gnomish Mines.
    Level 4: <- You were here.
       Final resting place for
          you, killed by an orc zombie, while frozen by a floating eye's gaze.
    Level 5:
       An altar.
 The Gnomish Mines:
    Level 4:


Vanquished creatures:
  a small mimic
  a rock piercer
  a fog cloud
  a floating eye
  a giant bat
  a monkey
  3 wererats
  a coyote
  a gas spore
  a hobbit
  2 giant rats
  a gecko
  5 jackals
  a fox
  2 goblins
  a sewer rat
  2 grid bugs
  6 lichens
32 creatures vanquished.

No species were genocided or became extinct.

Game over:
                       ----------
                      /          \
                     /    REST    \
                    /      IN      \
                   /     PEACE      \
                  /                  \
                  |     2438853      |
                  |      44 Au       |
                  | killed by an orc |
                  |      zombie      |
                  |                  |
                  |                  |
                  |       2026       |
                 *|     *  *  *      | *
        _________)/\\_//(\/(/\)/\//\/|_)_______

Farvel 2438853 the Valkyrie...

You died in The Dungeons of Doom on dungeon level 4 with 968 points,
and 44 pieces of gold, after 2353 moves.
You were level 5 with a maximum of 62 hit points when you died.

